 Dungeon Crawl Stone Soup version 0.30-a0-715-gdb4ae3ece1 (webtiles) character file.

Game seed: 481280239385541279

2 wormed the Sneak (level 1, -2/15 HPs)
             Began as a Naga Fire Elementalist on Jan 24, 2023.
             Slain by a hobgoblin (3 damage)
             ... on level 2 of the Dungeon.
             The game lasted 00:00:42 (80 turns).

wormed the Sneak (Naga Fire Elementalist)             Turns: 80, Time: 00:00:42

Health: -2/15      AC:  1    Str: 10    XL:     1   Next: 40%
Magic:  3/3        EV:  9    Int: 15    God:
Gold:   13         SH:  0    Dex: 11    Spells: 3/4 levels left

rFire   . . .      SeeInvis +    (no weapon)
rCold   . . .      Faith    .    (no shield)
rNeg    . . .      Spirit   .    a - +0 robe
rPois   +          Reflect  .    (no helmet)
rElec   .          Harm     .    (no cloak)
rCorr   .          Rampage  .    (no gloves)
Will    .....                    (no barding)
Stlth   ++                       (no amulet)
HPRegen 0.22/turn                (no ring)
MPRegen 0.08/turn                (no ring)

@: very slightly contaminated, very slow
A: AC +0, large, see invisible, deformed body, poison resistance, slowness 2,
spit poison 1, naga tail 1
a: Spit Poison


You were on level 2 of the Dungeon.
You visited 1 branch of the dungeon, and saw 2 of its levels.

You collected 13 gold pieces.

Inventory:

Armour
 a - a +0 robe (worn)


   Skills:
 + Level 0.1 Fighting
 + Level 1.6 Dodging
 + Level 3.1 Stealth
 + Level 2.0 Spellcasting
 + Level 1.1 Conjurations
 + Level 3.0 Fire Magic


You had 3 spell levels left.
You knew the following spells:

 Your Spells              Type           Power      Damage    Failure   Level
a - Foxfire               Conj/Fire      28%        2x1d5     10%         1

Your spell library contained the following spells:

 Spells                   Type           Power      Damage    Failure   Level
 Scorch                   Fire           20%        2d6       10%         2
 Inner Flame              Hex/Fire       6%         N/A       34%         3
 Kindle Blastsparks       Fire/Tloc/Air  8%         2d10      41%         3
 Flame Wave               Conj/Fire      7%         2d5       67%         4


Dungeon Overview and Level Annotations

Branches:
Dungeon (2/15)

Altars:


Innate Abilities, Weirdness & Mutations

Your serpentine skin is tough. (AC +0)
You have supernaturally acute eyesight. (SInv)
Armour fits poorly on your strangely shaped body.
Your system is resistant to poisons. (rPois)
You cover ground very slowly.
You can spit poison.
You have a snake-like lower body.


Message History

You climb upwards.
Found a sling and 5 gold pieces.
There is a stone staircase leading down here.
A hobgoblin comes into view.
A hobgoblin is nearby!
A hobgoblin is nearby!
A ball python and an endoplasm come into view.
Found a scroll labelled OBIXEX CODI.
A frilled lizard comes into view.
The ball python hisses angrily.
The frilled lizard hisses angrily.
The ball python closely misses you.
Casting: Foxfire (safe; 10% risk of failure)
Confirm with . or Enter, or press ? or * to list all spells.
You conjure some foxfire!
The ball python bites you.
The foxfire hits the frilled lizard.
You kill the frilled lizard!
The foxfire hits the hobgoblin.
The hobgoblin is moderately wounded.
The ball python bites you but does no damage.
The ball python attacks as you move away!
The ball python bites you.
Casting: Foxfire (safe; 10% risk of failure)
Confirm with . or Enter, or press ? or * to list all spells.
You miscast Foxfire.
You are very lightly contaminated with residual magic.
Nothing appears to happen.
The ball python bites you. x2
You hit the ball python but do no damage.
The ball python closely misses you. The hobgoblin attacks as you move away!
The hobgoblin hits you. x2
* * * LOW HITPOINT WARNING * * *
There is a stone staircase leading down, spattered with blood here.
The hobgoblin barely misses you.
You climb downwards.
There is a stone staircase leading up here.
You barely miss the hobgoblin.
The hobgoblin is lightly wounded.
The hobgoblin hits you.
* * * LOW HITPOINT WARNING * * *
Magic courses through your body. The hobgoblin hits you.
You die...

#.....
#...g
#... #..
#.# #.#
#.#
######.#
#@g....#
########


You could see a hobgoblin.

Vanquished Creatures
  An endoplasm (D:1)
  A ball python (D:1)
  A frilled lizard (D:1)
3 creatures vanquished.

Vanquished Creatures (others)
  5 foxfires (D:1)
5 creatures vanquished.

Grand Total: 8 creatures vanquished

Notes
Turn   | Place    | Note
-------+----------+-------------------------------------------
     0 | D:1      | wormed the Naga Fire Elementalist began the quest for the
                  | Orb.
     0 | D:1      | Reached XP level 1. HP: 15/15 MP: 3/3
    51 | D:1      | You fall into a shaft and drop 1 floor!
    80 | D:2      | Slain by a hobgoblin

Illustrated notes

Levels and vault maps discovered:
D:1:      tarquinn_simple_flora_water_c, layout_basic,
          hellmonk_ecumenical_altar_run_dry
D:2:      layout_basic, serial_rivers, chequers_serial_rivers_small_b,
          chequers_serial_rivers_micro_b, chequers_serial_rivers_marsh,
          chequers_serial_rivers_micro_b

Action                     || total
---------------------------++-------
  Melee: Unarmed           ||     2
   Cast: Foxfire           ||     3
    Use: Potion            ||     1
 Armour: Robe              ||     1
  Dodge: Dodged            ||     3

Table legend: (Time is in decaauts)
 A = Elapsed time spent in this place.
 B = Non-inter-level travel time spent in this place.
 C = Inter-level travel time spent in this place.
 D = Time resting spent in this place.
 E = Time spent auto-exploring this place.
 F = Levels seen in this place.
 G = Mean time per level.
                   A        B        C        D        E       F      G
               +--------+--------+--------+--------+--------+-----+--------+
         Total |     98 |     98 |      0 |      0 |     59 |   2 |   49.0 |
       Dungeon |     98 |     98 |      0 |      0 |     59 |   2 |   49.0 |
               +--------+--------+--------+--------+--------+-----+--------+

Top non-repeatable levels by time:
     D:1: 74 daAuts
     D:2: 24 daAuts
